General information
- name: BNet
- type: Ladder team game (AT/RT)
- host: Battle.net
- saver: iggy_the_fisk
map: Dragonblight
- players: 6
- length: 43:09
- speed: Fast
- version: 1.21 W3XP
- replay type:

» download(331 KB)
Players
team 1 (winner)
Iceberg-Slim (
blue | 124 APM | 5329 actions | 43:07)
5 Priestess of the Moon
3 Trueshot Aura
2 Searing Arrows
5 Keeper of the Grove
3 Entangling Roots
2 Thorns Aura
» actions
| Assign group hotkey | 32 | |
| Basic commands | 130 | |
| Build / train | 78 | |
| ESC pressed | 1 | |
| Enter build submenu | 17 | |
| Enter hero's abilities submenu | 10 | |
| Give item / drop item | 5 | |
| Remove unit from queue | 2 | |
| Right click | 2466 | |
| Select / deselect | 788 | |
| Select group hotkey | 1679 | |
| Use ability | 121 | |
5329 total
» units
| Wisp | 18 | |
| Huntress | 6 | |
| Druid of the Talon | 3 | |
| Faerie Dragon | 6 | |
| Chimaera | 10 | |
43 total
» upgrades
| Ultravision | 1 | |
| Sentinel | 1 | |
| Corrosive Breath | 1 | |
| Strength of the Wild | 1 | |
| Well Spring | 1 | |
5 total
» buildings
| Altar of Elders | 1 | |
| Moon Well | 6 | |
| Hunter's Hall | 1 | |
| Ancient of War | 2 | |
| Ancient of Wonders | 1 | |
| Tree of Ages | 1 | |
| Ancient of Wind | 1 | |
| Tree of Eternity | 1 | |
| Chimaera Roost | 2 | |
| Ancient Protector | 2 | |
| Tree of Life | 1 | |
19 total
» build order
00:07 Altar of Elders
00:23 Moon Well
01:41 Hunter's Hall
01:51 Ancient of War
02:06 Moon Well
02:32 Ancient of War
02:41 Ancient of Wonders
03:26 Moon Well
04:21 Tree of Ages
06:02 Moon Well
06:49 Ancient of Wind
07:34 Tree of Eternity
09:16 Moon Well
10:05 Chimaera Roost
10:17 Ancient Protector
10:31 Ancient Protector
10:43 Chimaera Roost
11:14 Moon Well
20:48 Tree of Life
» items
| Staff of Teleportation | 1 | |
| Scroll of Town Portal | 9 | |
| Staff of Preservation | 1 | |
| Dust of Appearance | 1 | |
| Staff of Sanctuary | 1 | |
| Anti-magic Potion | 1 | |
14 total

»
iggy_the_fisk (
teal | 88 APM | 3809 actions | 43:09)
5 Archmage
3 Summon Water Elemental
2 Brilliance Aura
4 Mountain King
2 Storm Bolt
2 Bash
» actions
| Assign group hotkey | 194 | |
| Basic commands | 65 | |
| Build / train | 197 | |
| Enter build submenu | 91 | |
| Enter hero's abilities submenu | 9 | |
| Give item / drop item | 2 | |
| Remove unit from queue | 1 | |
| Right click | 1822 | |
| Select / deselect | 738 | |
| Select group hotkey | 464 | |
| Use ability | 226 | |
3809 total
» units
| Peasant | 32 | |
| Footman | 15 | |
| Sorceress | 4 | |
| Priest | 9 | |
| Spell Breaker | 12 | |
| Mortar Team | 9 | |
| Flying Machine | 19 | |
100 total
» upgrades
| Masonry | 3 | |
| Defend | 1 | |
| Lumber Harvesting | 2 | |
| Sorceress Training | 2 | |
| Gunpowder | 3 | |
| Fragmentation Shards | 1 | |
| Priest Training | 2 | |
| Flak Cannons | 1 | |
| Armor | 1 | |
| Plating | 1 | |
| Flying Machine Bombs | 1 | |
18 total
» buildings
| Altar of Kings | 2 | |
| Barracks | 1 | |
| Farm | 16 | |
| Lumber Mill | 2 | |
| Scout Tower | 63 | |
| Arcane Tower | 3 | |
| Keep | 3 | |
| Guard Tower | 38 | |
| Town Hall | 4 | |
| Arcane Vault | 2 | |
| Arcane Sanctum | 2 | |
| Castle | 2 | |
| Blacksmith | 2 | |
| Workshop | 4 | |
144 total
» build order
00:07 Altar of Kings
00:20 Barracks
00:34 Farm
01:05 Lumber Mill
01:14 Farm
01:54 Farm
02:27 Scout Tower
02:57 Arcane Tower
03:06 Farm
04:22 Scout Tower
05:12 Keep
05:22 Guard Tower
05:54 Town Hall
05:58 Scout Tower
06:00 Scout Tower
06:03 Arcane Vault
06:06 Scout Tower
06:29 Guard Tower
06:34 Arcane Tower
06:35 Guard Tower
07:39 Arcane Sanctum
07:45 Arcane Sanctum
08:58 Farm
09:01 Castle
09:02 Blacksmith
09:34 Farm
09:35 Farm
10:38 Workshop
11:51 Farm
11:51 Farm
13:41 Arcane Vault
19:28 Farm
21:06 Town Hall
21:10 Scout Tower
21:12 Scout Tower
23:25 Guard Tower
24:12 Workshop
27:15 Altar of Kings
27:29 Scout Tower
27:30 Scout Tower
27:33 Lumber Mill
27:39 Scout Tower
27:39 Scout Tower
27:40 Scout Tower
27:50 Scout Tower
27:51 Scout Tower
28:26 Farm
28:27 Farm
28:37 Guard Tower
28:45 Guard Tower
28:46 Scout Tower
28:47 Guard Tower
28:48 Scout Tower
28:49 Scout Tower
28:50 Keep
29:00 Town Hall
29:02 Guard Tower
29:03 Scout Tower
29:06 Scout Tower
29:11 Scout Tower
29:11 Scout Tower
29:38 Guard Tower
30:01 Guard Tower
30:03 Scout Tower
30:11 Scout Tower
30:16 Guard Tower
30:18 Scout Tower
30:19 Scout Tower
30:20 Keep
30:39 Guard Tower
30:40 Scout Tower
30:51 Farm
30:52 Farm
30:52 Farm
30:53 Farm
31:21 Guard Tower
31:25 Scout Tower
31:31 Scout Tower
31:33 Scout Tower
31:55 Scout Tower
32:01 Guard Tower
32:05 Guard Tower
32:32 Guard Tower
32:33 Scout Tower
32:34 Scout Tower
32:35 Scout Tower
32:37 Scout Tower
32:38 Scout Tower
32:44 Castle
32:58 Guard Tower
32:59 Scout Tower
33:02 Guard Tower
33:53 Guard Tower
33:57 Scout Tower
33:58 Scout Tower
34:00 Scout Tower
34:03 Guard Tower
34:06 Scout Tower
34:08 Scout Tower
34:08 Scout Tower
34:41 Guard Tower
35:34 Guard Tower
35:36 Scout Tower
35:37 Scout Tower
35:39 Scout Tower
35:47 Blacksmith
35:52 Guard Tower
36:13 Guard Tower
36:15 Scout Tower
36:31 Guard Tower
36:33 Scout Tower
36:33 Scout Tower
36:45 Scout Tower
36:54 Guard Tower
37:05 Workshop
37:07 Workshop
37:11 Guard Tower
37:13 Scout Tower
37:20 Arcane Tower
37:45 Guard Tower
37:47 Scout Tower
38:18 Town Hall
38:36 Guard Tower
39:38 Scout Tower
39:39 Scout Tower
40:06 Guard Tower
40:06 Guard Tower
40:06 Guard Tower
40:33 Guard Tower
40:33 Guard Tower
40:33 Guard Tower
40:35 Scout Tower
40:36 Scout Tower
40:38 Scout Tower
40:38 Scout Tower
40:39 Scout Tower
40:40 Scout Tower
41:24 Guard Tower
41:25 Scout Tower
41:26 Scout Tower
41:40 Guard Tower
42:58 Guard Tower
43:00 Scout Tower
43:01 Scout Tower
» items
| Scroll of Regeneration | 3 | |
| Scroll of Town Portal | 8 | |
| Staff of Sanctuary | 2 | |
| Potion of Healing | 4 | |
17 total

»
timg4strok (
purple | 125 APM | 5383 actions | 43:07)
7 Demon Hunter
3 Mana Burn
3 Evasion
1 Metamorphosis
3 Keeper of the Grove
2 Entangling Roots
1 Thorns Aura
» actions
| Assign group hotkey | 41 | |
| Basic commands | 158 | |
| Build / train | 105 | |
| ESC pressed | 3 | |
| Enter build submenu | 18 | |
| Enter hero's abilities submenu | 10 | |
| Give item / drop item | 4 | |
| Right click | 2345 | |
| Select / deselect | 561 | |
| Select group hotkey | 1982 | |
| Use ability | 156 | |
5383 total
» units
| Wisp | 21 | |
| Huntress | 4 | |
| Dryad | 24 | |
| Druid of the Claw | 6 | |
55 total
» upgrades
| Abolish Magic | 1 | |
| Ultravision | 1 | |
| Well Spring | 1 | |
| Strength of the Wild | 3 | |
| Druid of the Claw Training | 2 | |
| Reinforced Hides | 3 | |
| Nature's Blessing | 1 | |
12 total
» buildings
| Altar of Elders | 1 | |
| Moon Well | 7 | |
| Hunter's Hall | 1 | |
| Ancient of War | 1 | |
| Ancient of Wonders | 1 | |
| Tree of Ages | 1 | |
| Ancient of Lore | 2 | |
| Tree of Eternity | 1 | |
| Tree of Life | 3 | |
18 total
» build order
00:09 Altar of Elders
00:20 Moon Well
01:24 Hunter's Hall
01:40 Moon Well
02:00 Ancient of War
02:17 Moon Well
02:27 Ancient of Wonders
03:37 Tree of Ages
06:13 Ancient of Lore
06:14 Ancient of Lore
06:18 Moon Well
07:21 Tree of Eternity
10:43 Tree of Life
11:37 Moon Well
15:40 Moon Well
18:30 Tree of Life
20:25 Moon Well
35:36 Tree of Life
» items
| Boots of Speed | 1 | |
| Scroll of Town Portal | 10 | |
| Staff of Preservation | 1 | |
| Potion of Healing | 4 | |
| Orb of Venom | 1 | |
| Staff of Teleportation | 2 | |
| Anti-magic Potion | 3 | |
| Scroll of Regeneration | 1 | |
23 total
team 2 (loser)
9yo_girl (
pink | 130 APM | 4887 actions | 37:41)
7 Death Knight
3 Death Coil
3 Unholy Aura
1 Animate Dead
5 Crypt Lord
3 Impale
2 Spiked Carapace
6 Pit Lord
3 Rain of Fire
1 Howl of Terror
1 Cleaving Attack
1 Doom
» actions
| Assign group hotkey | 43 | |
| Basic commands | 290 | |
| Build / train | 139 | |
| Enter build submenu | 28 | |
| Enter hero's abilities submenu | 19 | |
| Right click | 1609 | |
| Select / deselect | 571 | |
| Select group hotkey | 1941 | |
| Use ability | 247 | |
4887 total
» units
| Acolyte | 16 | |
| Ghoul | 6 | |
| Crypt Fiend | 14 | |
| Obsidian Statue | 8 | |
| Abomination | 1 | |
| Frost Wyrm | 11 | |
| Blue Dragon | 5 | |
61 total
» upgrades
| Burrow | 1 | |
| Destroyer Form | 1 | |
| Web | 1 | |
| Creature Attack | 3 | |
| Creature Carapace | 3 | |
9 total
» buildings
| Graveyard | 2 | |
| Crypt | 1 | |
| Altar of Darkness | 2 | |
| Ziggurat | 9 | |
| Tomb of Relics | 1 | |
| Halls of the Dead | 2 | |
| Black Citadel | 5 | |
| Slaughterhouse | 1 | |
| Sacrificial Pit | 1 | |
| Boneyard | 3 | |
| Necropolis | 1 | |
| Nerubian Tower | 2 | |
30 total
» build order
00:05 Graveyard
00:08 Crypt
00:43 Altar of Darkness
00:58 Ziggurat
01:27 Tomb of Relics
01:59 Ziggurat
03:40 Halls of the Dead
03:40 Halls of the Dead
04:00 Ziggurat
05:30 Ziggurat
06:10 Black Citadel
06:11 Black Citadel
06:11 Black Citadel
06:22 Slaughterhouse
09:47 Ziggurat
10:53 Ziggurat
11:18 Ziggurat
11:49 Ziggurat
11:50 Ziggurat
12:04 Sacrificial Pit
13:21 Boneyard
13:22 Boneyard
14:57 Necropolis
14:58 Graveyard
15:58 Boneyard
16:57 Altar of Darkness
33:01 Nerubian Tower
33:01 Nerubian Tower
» items
| Rod of Necromancy | 9 | |
| Dust of Appearance | 1 | |
| Scroll of Town Portal | 1 | |
| Potion of Healing | 4 | |
15 total
Cronic-King (
yellow | 57 APM | 2425 actions | 42:51)
4 Far Seer
2 Feral Spirit
2 Chain Lighting
3 Shadow Hunter
1 Hex
2 Healing Wave
1 Crypt Lord
1 Locust Swarm
» actions
| Assign group hotkey | 73 | |
| Basic commands | 29 | |
| Build / train | 77 | |
| Enter build submenu | 29 | |
| Enter hero's abilities submenu | 8 | |
| Remove unit from queue | 4 | |
| Right click | 1099 | |
| Select / deselect | 521 | |
| Select group hotkey | 447 | |
| Use ability | 137 | |
2425 total
» units
| Peon | 27 | |
| Grunt | 7 | |
| Troll Witch Doctor | 4 | |
| Tauren | 3 | |
| Shaman | 2 | |
43 total
» upgrades
| Armor | 2 | |
| Berserker Strength | 1 | |
| Witch Doctor Training | 2 | |
| Melee Weapons | 1 | |
| Shaman Training | 3 | |
| Pulverize | 1 | |
10 total
» buildings
| Altar of Storms | 1 | |
| Orc Burrow | 14 | |
| Barracks | 1 | |
| Voodoo Lounge | 2 | |
| War Mill | 1 | |
| Stronghold | 2 | |
| Fortress | 1 | |
| Spirit Lodge | 2 | |
| Tauren Totem | 4 | |
| Great Hall | 2 | |
30 total
» build order
00:21 Altar of Storms
00:27 Orc Burrow
01:12 Barracks
01:53 Orc Burrow
02:17 Voodoo Lounge
03:02 Orc Burrow
03:42 War Mill
04:56 Stronghold
04:56 Stronghold
05:17 Orc Burrow
06:14 Orc Burrow
07:35 Fortress
07:39 Spirit Lodge
08:55 Voodoo Lounge
08:59 Spirit Lodge
10:58 Tauren Totem
11:01 Tauren Totem
11:05 Orc Burrow
13:17 Orc Burrow
13:33 Orc Burrow
13:34 Orc Burrow
13:39 Orc Burrow
14:00 Orc Burrow
15:25 Tauren Totem
15:34 Tauren Totem
16:05 Orc Burrow
16:08 Orc Burrow
21:05 Orc Burrow
24:00 Great Hall
29:33 Great Hall
» items
| Lesser Clarity Potion | 2 | |
| Scroll of Town Portal | 2 | |
4 total
NE_Rulz (
red | 44 APM | 1894 actions | 43:07)
4 Keeper of the Grove
2 Entangling Roots
2 Thorns Aura
3 Priestess of the Moon
1 Searing Arrows
2 Trueshot Aura
» actions
| Build / train | 58 | |
| Enter build submenu | 17 | |
| Enter hero's abilities submenu | 7 | |
| Give item / drop item | 1 | |
| Right click | 1357 | |
| Select / deselect | 357 | |
| Use ability | 97 | |
1894 total
» units
» upgrades
| Strength of the Wild | 3 | |
| Reinforced Hides | 3 | |
| Abolish Magic | 1 | |
7 total
» buildings
| Altar of Elders | 1 | |
| Moon Well | 8 | |
| Ancient of War | 2 | |
| Hunter's Hall | 1 | |
| Tree of Ages | 1 | |
| Ancient of Lore | 2 | |
| Tree of Eternity | 1 | |
| Ancient of Wind | 1 | |
17 total
» build order
00:12 Altar of Elders
00:22 Moon Well
01:11 Ancient of War
01:40 Moon Well
02:03 Hunter's Hall
03:02 Ancient of War
05:03 Tree of Ages
05:21 Moon Well
07:06 Moon Well
07:34 Ancient of Lore
07:35 Ancient of Lore
09:33 Moon Well
11:54 Moon Well
13:10 Tree of Eternity
13:49 Moon Well
19:24 Ancient of Wind
20:58 Moon Well
» items
Chat log
(04:30 / All) 9yo_girl: laggers wtf?
(04:32 / All) iggy_the_fisk: get the best rank...
(04:56 / All) NE_Rulz: suk my dick u stupid fuks
(05:02 / All) Iceberg-Slim: manner
(05:07 / All) NE_Rulz: bite me
(05:12 / All) NE_Rulz: if it can fit
(05:14 / All) NE_Rulz: D:
(12:59 / All) NE_Rulz: soft
(28:15 / Allies) iggy_the_fisk: lum
(28:39 / Allies) iggy_the_fisk: gold
(41:53 / All) iggy_the_fisk: you can leave now
(41:54 / All) iggy_the_fisk: nasps
(42:16 / All) iggy_the_fisk: bye
(42:24 / All) Iceberg-Slim: gg
(42:28 / All) NE_Rulz: teal u suk
(42:34 / All) NE_Rulz: u just mass towers NOOB XD
(42:36 / All) Iceberg-Slim: gg
(42:36 / All) timg4strok: ty for win...
(42:39 / All) iggy_the_fisk: owned by iggy
(42:48 / All) iggy_the_fisk: where ur yad go
(42:51 / All) iggy_the_fisk: oh right you suck...
(42:54 / All) timg4strok: lmfao...
(43:05 / All) NE_Rulz: my yad? english plz u dun know what iggy is stupid noob